[Event "Czech Open-GM 2022"]
[Site "Pardubice"]
[Date "2022.07.28"]
[Round "7.15"]
[White "Hollan, Martin"]
[Black "Strebkovs, Andrejs"]
[Result "1/2-1/2"]
[ECO "C00"]
[WhiteElo "2399"]
[BlackElo "2283"]
[Annotator "TA"]
[PlyCount "102"]
[EventDate "2022.07.22"]
[EventType "swiss"]
[EventCountry "CZE"]
[SourceTitle "playchess.com"]
[Source "ChessBase"]
[SourceQuality "1"]
[TimeControl "40/5400+30:1800+30"]

1. e4 e6 2. d4 d5 3. Bd3 c5 4. exd5 exd5 5. Nf3 c4 6. Be2 Nc6 7. O-O Bd6 8. b3 cxb3 9. axb3 Nge7 10. c4 O-O 11. c5 {[%emt 0:13:31] B22: Sicilian: 2 c3.} Bc7 12. Nc3 Bg4 13. h3 {[%emt 0:01:37] White is slightly better.} Bh5 14. Nb5 {[%emt 0:03:56] [#]} Bb8 $146 ({Predecessor:} 14... a6 15. Nxc7 Qxc7 16. g3 Qd7 17. g4 Bg6 18. Bf4 h5 19. Ne5 Nxe5 20. Bxe5 hxg4 21. Bxg4 {0-1 (33) Suarez Gomez,J (2448)-Gleizerov,E (2504) Pontevedra 2016}) 15. Ba3 Nc8 16. Qd2 Qf6 17. Rae1 Bf4 18. Qd1 a6 $1 19. Nc3 N8e7 20. Bb2 Rfe8 21. Na4 (21. Ne5 $5 Nxd4 22. Nd3 $11) 21... Rad8 22. Ne5 Bxe2 23. Qxe2 Bxe5 (23... Nxe5 {is interesting.} 24. dxe5 Qf5 25. e6 Nc6) 24. dxe5 Qe6 (24... Qf4 {feels hotter.} 25. e6 Ng6 26. Bc1 Qf5) 25. Qd3 (25. Nb6 $11) 25... d4 $17 26. Nb6 (26. Re4 $142) 26... Nb4 {[%emt 0:04:57] Pair of Knights!} (26... Nxe5 $17 27. Qc2 Qf5 28. Qxf5 Nxf5) 27. Qc4 $15 Qxc4 28. Nxc4 Nd3 29. Rd1 Nxb2 ({Don't play} 29... Nxc5 30. Nd6 $16) 30. Nxb2 Nc6 31. f4 f6 32. Nc4 fxe5 {[%emt 0:02:46] [#] And now ...e4 would win.} 33. fxe5 Nxe5 (33... Rd5 $15 34. b4 Re7) 34. Nd6 $11 {[%emt 0:00:09] The position is equal.} Re7 35. Rxd4 Nf7 36. Nf5 Rxd4 37. Nxe7+ {[%emt 0:00:10][%mdl 4096] Endgame KRN-KRN} Kf8 38. Nf5 Rd7 39. b4 Kg8 40. Re1 {[%emt 0:01:45][%cal Re1e8] [#]} Kf8 {[%emt 0:01:35] Prevents Re8+.} 41. Rf1 Kg8 42. Rf4 g6 43. Nd4 Re7 44. c6 bxc6 45. Nxc6 Rb7 46. Rd4 Kg7 47. Kf2 Rb6 48. Na5 Nd6 49. Nc4 Rxb4 50. Rxd6 {[%emt 0:00:06] Threatens to win with Rd7+.} Rxc4 51. Rxa6 Rc2+ {[%emt 0:00:10] Weighted Error Value: White=0.13 (very precise) /Black=0.06 (flawless)} 1/2-1/2

[Event "Czech Open-GM 2022"]
[Site "Pardubice"]
[Date "2022.07.28"]
[Round "7.16"]
[White "Klabis, Rokas"]
[Black "Frank, Adam"]
[Result "1-0"]
[ECO "B53"]
[WhiteElo "2382"]
[BlackElo "2313"]
[Annotator "TA"]
[PlyCount "83"]
[EventDate "2022.07.22"]
[EventType "swiss"]
[EventCountry "CZE"]
[SourceTitle "playchess.com"]
[Source "ChessBase"]
[SourceQuality "1"]
[TimeControl "40/5400+30:1800+30"]

1. e4 c5 2. Nf3 d6 3. d4 cxd4 4. Qxd4 Nf6 5. Nc3 Nc6 6. Qe3 {B53: Sicilian: 2...d6: Lines with Qxd4.} e5 7. Bc4 {aiming for Ng5.} Be7 8. h3 {[#] The position is equal.} Be6 $146 ({Predecessor:} 8... O-O 9. Bd2 a6 10. O-O-O Qc7 11. Bd3 b5 12. Nd5 Nxd5 13. exd5 Na5 14. Ng5 f5 {0-1 (28) Heiser,J (659)-Raines,D (1153) LSS email 2015}) 9. Nd5 O-O 10. O-O Rc8 11. Nxf6+ Bxf6 12. Bxe6 fxe6 13. Qb3 d5 14. exd5 Na5 15. Qb5 a6 16. Qe2 exd5 17. Rd1 Nc6 (17... e4 $15 18. Nh2 Nc4) 18. c3 Kh8 19. Nh2 d4 20. Ng4 Qd5 21. b3 Be7 22. Bb2 Bc5 23. b4 Bd6 24. a3 Qf7 (24... Rce8 $11 {remains equal.}) 25. cxd4 $16 {Black is now going downhill.} exd4 26. Bxd4 Nxd4 27. Rxd4 Bb8 28. Rad1 Rce8 29. Qd2 Bf4 30. Qd3 h5 31. Rd7 Qf5 32. Qxf5 (32. Qd4 {with more complications.} Qg5 33. Nh2 Be5 34. Qd5) 32... Rxf5 33. Nh2 Bxh2+ 34. Kxh2 Rxf2 {[%mdl 4096] Endgame KRR-KRR} (34... Re2 $16) 35. R1d5 $18 (35. Rxb7 Ree2 $14) 35... Ree2 {[#]} (35... Re3 $142 36. a4 (36. Rxh5+ Kg8 $16) (36. Rxb7 Rxa3 37. Rg5 Ra4 $16) 36... b6 37. Rxh5+ Kg8) 36. Rg5 $1 ({Not} 36. Rxh5+ Kg8 $16) 36... Kg8 $2 (36... Re3 {was necessary.} 37. Rxb7 Rxa3 38. Rgxg7 (38. Rxh5+ Kg8 $16) (38. Rbxg7 Rf5 $18) 38... Re3 39. Rh7+ Kg8 40. Rxh5 Re6 41. Rg5+ Kh8) 37. Rdxg7+ Kf8 38. Rxb7 Ra2 39. a4 h4 $2 {[#]} (39... Rxa4 40. Rxh5 Kg8) 40. a5 {White is clearly winning.} Rf4 41. Rg6 Ra1 42. Rxa6 {Weighted Error Value: White=0.10 (very precise) /Black=0.36} 1-0

[Event "Czech Open-GM 2022"]
[Site "Pardubice"]
[Date "2022.07.28"]
[Round "7.17"]
[White "Niedbala, Bartlomiej"]
[Black "Crevatin, Leo"]
[Result "1/2-1/2"]
[ECO "B12"]
[WhiteElo "2381"]
[BlackElo "2259"]
[Annotator "TA"]
[PlyCount "61"]
[EventDate "2022.07.22"]
[EventType "swiss"]
[EventCountry "CZE"]
[SourceTitle "playchess.com"]
[Source "ChessBase"]
[SourceQuality "1"]
[TimeControl "40/5400+30:1800+30"]

1. e4 c6 2. d4 d5 3. e5 Bf5 4. Nf3 e6 5. Be2 Ne7 6. O-O Ng6 {6...h6 is becoming the main line. B12: Caro-Kann: Advance Variation.} 7. Be3 Nd7 8. Ne1 {And now g4 would win.} h5 9. Nd2 {[#]} (9. c3 $14) 9... Ndxe5 $1 $11 10. dxe5 d4 11. Bxd4 Qxd4 $15 {[#]} 12. Ndf3 $146 ({Predecessor:} 12. Nc4 Qxd1 13. Rxd1 b5 14. Ne3 Be4 15. Bd3 Bxd3 16. Nxd3 O-O-O 17. f4 Be7 18. f5 {1-0 (32) Alekseenko,K (2594)-Lalith,B (2542) Chess.com INT 2018}) 12... Qxd1 ({Reject} 12... Qxb2 13. Rb1 Qxa2 14. Rxb7) 13. Rxd1 Bc5 {Against Rd4} 14. Bd3 Rd8 15. Rd2 Nf4 16. Bxf5 {The position is equal.} Rxd2 17. Nxd2 {[#] Threatens to win with Be4.} exf5 18. g3 Ne6 19. Nd3 Be7 20. h4 O-O 21. f4 Rd8 22. Nf3 c5 23. Nf2 c4 24. Rd1 b5 25. Kf1 Kf8 26. Ke2 g6 27. Rxd8+ Bxd8 28. Nd1 Bb6 29. Nc3 Nc7 30. a4 a6 31. axb5 {Weighted Error Value: White=0.08 (flawless) /Black=0.04 (flawless)} 1/2-1/2

[Event "Czech Open-GM 2022"]
[Site "Pardubice"]
[Date "2022.07.28"]
[Round "7.18"]
[White "Sorensen, Hampus"]
[Black "Koziorowicz, Michal"]
[Result "1/2-1/2"]
[ECO "E71"]
[WhiteElo "2376"]
[BlackElo "2231"]
[Annotator "TA"]
[PlyCount "84"]
[EventDate "2022.07.22"]
[EventType "swiss"]
[EventCountry "CZE"]
[SourceTitle "playchess.com"]
[Source "ChessBase"]
[SourceQuality "1"]
[TimeControl "40/5400+30:1800+30"]

1. d4 Nf6 2. c4 g6 3. Nc3 Bg7 4. e4 d6 5. h3 O-O 6. Be3 e5 7. d5 a5 8. g4 {[%emt 0:00:50] E71: King's Indian: 4 e4 d6 5 h3.} Na6 9. Nge2 Nd7 10. h4 {[%emt 0:00:30] White is slightly better.} Ndc5 11. Ng3 c6 12. Be2 cxd5 13. cxd5 Bd7 14. Qd2 Nc7 {[%emt 0:04:38] [#]} 15. Rc1 $146 ({Predecessor:} 15. h5 b5 16. f3 b4 17. Nd1 Nb5 18. Bh6 Qe7 19. Bxg7 Kxg7 20. Bxb5 Bxb5 21. Ne3 {1-0 (48) Barski,R (2444)-Mondrzycki,B (2140) Wroclaw 2020}) 15... b5 16. Nd1 $1 N7a6 (16... b4 $14 {feels stronger.}) 17. Kf1 Rc8 18. f3 Nb4 19. b3 f5 {[%emt 0:02:11] ...fxe4 is the strong threat.} 20. gxf5 gxf5 21. exf5 Bxf5 22. Nf2 {[%emt 0:00:09] Prevents Bd3.} e4 23. Bxb5 (23. Nxf5 $14 Rxf5 24. Rxc5 $1 (24. Bxc5 Rxc5 25. Rxc5 dxc5 $11) 24... Rxc5 25. Bxc5 dxc5 26. fxe4) 23... Nbd3 ({Resist} 23... exf3 24. Bc4 $16) (23... Bd7 $11 {remains equal.} 24. Bxd7 Qxd7 25. fxe4 Nbd3) 24. Bxd3 (24. Bg5 {with more complications.} Qc7 25. Nxd3 Qb7 26. Nxc5 Qxb5+ 27. Qe2) 24... Nxd3 25. Rxc8 (25. Nxd3 $14 exd3 26. Nxf5 Rxc1+ 27. Qxc1 Rxf5 28. f4) 25... Bxc8 (25... Qxc8 $11 26. Ngxe4 Bxe4 27. fxe4 Nxf2 28. Bxf2 Qg4) 26. Ngxe4 $14 Nxf2 27. Kxf2 Bg4 28. f4 (28. Bf4 $5 ) 28... Qe7 29. Ng5 {[%emt 0:03:23] Black must now prevent Rg1.} Bf6 {[%emt 0:01:32] A strong pair of Bishops.} 30. Rg1 h5 31. Kg3 (31. Qd3 $16) 31... Bxg5 $11 {[%emt 0:02:50][%mdl 64] Remove Defender} 32. hxg5 {[%emt 0:00:00] Black should prevent Qd4.} Qe4 $36 {[%emt 0:00:06][%mdl 2048] Black fights for an advantage.} 33. Rf1 {[%emt 0:00:24] Against Qf3+} Re8 34. Bb6 Bd7 (34... Rc8 $5 35. Qe3 (35. Bxa5 $2 Rc2 $19) 35... Qxe3+ 36. Bxe3 Rc3 $11) 35. Qd1 (35. Bxa5 $2 Qf5 36. Kf2 Qh3 $19) (35. Qxa5 Qd3+ 36. Rf3 h4+ 37. Kg2 h3+ 38. Kg3 Qe2 39. Bf2 Qf1 40. f5 Qg2+ 41. Kf4 {[#]} Bxf5 $1 42. Bg3 Re4+ 43. Kxf5 Qxf3+) 35... h4+ {[%emt 0:02:58] The position is equal.} 36. Kh2 $1 Rc8 37. Qf3 {[%emt 0:01:06] Against Rc3} Rc2+ 38. Kg1 Bf5 39. Qxe4 (39. Bxa5 Qd4+ 40. Qf2 Rxf2 41. Rxf2 Qd1+ 42. Rf1 Qg4+ 43. Kf2 Bd3 44. Ke3 Bxf1 45. Kd2 Qxf4+ 46. Kc3 Qc1+ 47. Kd4 Qc2 48. Ke3 Qd3+ 49. Kf4 Be2 50. g6 Qg3+ 51. Kf5 Qe5#) 39... Bxe4 40. Rf2 {[%emt 0:00:20] Against Rg2+. Threatens to win with Rxc2.} Rc1+ 41. Rf1 Rc2 {[%emt 0:30:02] ( -> ...Rg2+)} 42. Rf2 {[%emt 0:00:00] Prevents Rg2+. aiming for Rxc2.} Rc1+ {[%emt 0:00:00] Weighted Error Value: White=0.12 (very precise) /Black=0.12 (very precise)} 1/2-1/2

[Event "Czech Open-GM 2022"]
[Site "Pardubice"]
[Date "2022.07.28"]
[Round "7.19"]
[White "Gombocz, Ferenc Jr."]
[Black "Kusa, Jakub"]
[Result "1/2-1/2"]
[ECO "A13"]
[WhiteElo "2229"]
[BlackElo "2353"]
[Annotator "TA"]
[PlyCount "48"]
[EventDate "2022.07.22"]
[EventType "swiss"]
[EventCountry "CZE"]
[SourceTitle "playchess.com"]
[Source "ChessBase"]
[SourceQuality "1"]
[TimeControl "40/5400+30:1800+30"]

1. c4 e6 2. g3 d5 3. Bg2 Nf6 4. Nf3 dxc4 5. Qa4+ Bd7 6. Qxc4 {[%emt 0:00:21] A13: English Opening: 1...e6.} c5 7. Ne5 Qc8 8. O-O {[%emt 0:10:43] The position is equal.} Nc6 {[%emt 0:02:59] Prevents d4.} 9. Nxc6 Bxc6 10. Nc3 Be7 11. Bxc6+ Qxc6 12. Qb5 (12. a4 {looks sharper.} O-O 13. d3 Rfd8 14. a5) 12... Qxb5 13. Nxb5 {[%emt 0:00:07] [#] aiming for Nc7+.} O-O 14. d3 {[%emt 0:01:30] [#]} Nd5 $146 ({Predecessor:} 14... a6 15. Nc3 Rac8 16. b3 b5 17. Bb2 c4 18. dxc4 bxc4 19. Rfc1 Rfd8 20. Nd1 Nd5 21. Kg2 cxb3 22. axb3 Rb8 23. Rxa6 Rxb3 24. Ra7 h6 {½-½ (24) Koehler,J (2096)-Willmann,B (2268) LSS email 2015}) 15. Bd2 Rfd8 16. Rfd1 a6 17. Nc3 Rac8 18. Rac1 b5 19. a4 Nxc3 (19... b4 $5 20. Nxd5 exd5 $15) 20. Bxc3 c4 21. axb5 axb5 22. dxc4 Rxd1+ 23. Rxd1 bxc4 24. Rd7 Bf6 {[%emt 0:01:15] Weighted Error Value: White=0.07 (flawless) /Black=0.05 (flawless)} 1/2-1/2

[Event "Czech Open-GM 2022"]
[Site "Pardubice"]
[Date "2022.07.28"]
[Round "7.20"]
[White "Skytte, Rasmus"]
[Black "Goroshkov, Maksym"]
[Result "1/2-1/2"]
[ECO "C51"]
[WhiteElo "2349"]
[BlackElo "2240"]
[Annotator "TA"]
[PlyCount "30"]
[EventDate "2022.07.22"]
[EventType "swiss"]
[EventCountry "CZE"]
[SourceTitle "playchess.com"]
[Source "ChessBase"]
[SourceQuality "1"]
[TimeControl "40/5400+30:1800+30"]

1. e4 e5 2. Nf3 Nc6 3. Bc4 Bc5 4. b4 Bxb4 5. c3 Bd6 6. d4 Nf6 {[%emt 0:03:59][%cal Bg8f6,Bf6e4,Be4g5,Bg5f3][%mdl 32] C51: Evans Gambit: Declined and Accepted without 5...Ba5.} 7. O-O O-O (7... Nxe4 8. dxe5 Nxe5 9. Re1 Nxc4 10. Rxe4+ Be7 11. Rxc4 $16) 8. Bg5 (8. Re1 $11) 8... h6 {[%emt 0:04:57] Black is better.} 9. Bh4 Be7 $1 10. dxe5 Nxe4 11. Bxe7 Qxe7 12. Re1 {[%emt 0:02:02] [#]} Ng5 $146 {[%emt 0:04:12] ...Nxf3+ is the strong threat.} ({Don't take} 12... Nxf2 13. Qd5 $14) ({Predecessor:} 12... Nxf2 13. Qd5 Ng4 14. h3 Ngxe5 15. Nxe5 Nxe5 16. Rxe5 Qf6 17. Rf5 Qe6 18. Nd2 d6 19. Qxe6 fxe6 20. Rxf8+ Kxf8 {1-0 (47) Barrientos Chavarriaga,S (2190)-Diaz Villagran,R (2252) Villa Giardino 2002}) 13. Nbd2 Nxf3+ 14. Nxf3 Qc5 15. Qa4 d5 {[%emt 0:08:43] Weighted Error Value: White=0.17 (very precise) /Black=0.06 (flawless)} 1/2-1/2

[Event "Czech Open-GM 2022"]
[Site "Pardubice"]
[Date "2022.07.28"]
[Round "7.21"]
[White "Farkas, Gabor"]
[Black "Gloser, David"]
[Result "1/2-1/2"]
[ECO "D33"]
[WhiteElo "2335"]
[BlackElo "2221"]
[Annotator "TA"]
[PlyCount "116"]
[EventDate "2022.07.22"]
[EventType "swiss"]
[EventCountry "CZE"]
[SourceTitle "playchess.com"]
[Source "ChessBase"]
[SourceQuality "1"]
[TimeControl "40/5400+30:1800+30"]

1. d4 d5 2. c4 e6 3. Nc3 c5 4. cxd5 exd5 5. Nf3 Nc6 6. g3 Nf6 7. Bg2 cxd4 {[%emt 0:00:08] is the new trend.} 8. Nxd4 Bc5 9. e3 {[%emt 0:05:16] D33: Tarrasch Defence: 6 g3 sidelines.} (9. Nb3 $5 Bb6 10. O-O $11 (10. Bxd5 Nb4 $11) (10. Nxd5 Nxd5 11. Qxd5 Qxd5 $11)) 9... O-O 10. O-O Bb6 11. b3 {[%emt 0:09:32] [#] White has an edge.} Bg4 $146 ({Predecessor:} 11... Re8 12. Bb2 Bg4 13. Qd3 Nxd4 14. exd4 Rc8 15. Rfe1 Qd7 16. Rxe8+ Rxe8 17. Na4 Ba5 {1-0 (35) Skatchkov,V (2299)-Kiseljova,M (2031) Chess.com INT 2021}) 12. Nxc6 bxc6 13. Qc2 h5 14. Na4 Rc8 15. h3 Be6 16. Nc5 Bxc5 17. Qxc5 Qd7 18. Kh2 h4 (18... Bf5 $11 {keeps the balance.}) 19. Bb2 $16 Ne4 20. Bxe4 dxe4 (20... hxg3+ $2 21. fxg3 dxe4 22. Bxg7 $1 Qd2+ 23. Kg1 $18) 21. gxh4 {[%emt 0:14:56][%cal Ob2g7] Hoping for Bxg7!} f6 22. Rad1 Bd5 23. Rg1 Rf7 24. Rg4 Qe6 25. Rdg1 Kh7 26. Rf4 Rh8 27. Qd4 Rc8 28. Qd1 Rh8 29. Rg3 Kg8 30. Qd4 (30. Rg6 $1 $16) 30... Kh7 (30... Rh6 $1 $14) 31. Qd1 Kg8 32. Rg6 $1 {[%emt 0:01:31] aiming for Bxf6.} Kf8 33. Qd2 Qd6 {[%emt 0:04:19] Prevents Qb4.} 34. Qa5 {[%emt 0:01:43] Threatens to win with Ba3.} Ke8 35. Kg2 Qc7 36. Qc5 Kd7 37. Bd4 Kc8 38. Kg1 Qb7 39. Rfg4 Rh7 40. Kh2 Qd7 41. Rf4 Qc7 42. Kg2 (42. Rg3 $16) 42... Qb7 (42... Rh8 $1 $11) 43. Kg1 (43. Rg3 $16) 43... Qd7 (43... Rh8 $1 $11 {remains equal.}) 44. Rg3 Qb7 45. f3 f5 46. fxe4 Bxe4 47. Rg6 {[%emt 0:00:32][%cal Of4e4] Black must now prevent Rxe4!} Rh6 48. Rxh6 {[%emt 0:00:40] Active counter play!} (48. Rg5 $16) 48... gxh6 $14 49. Qe5 Qd7 {[%emt 0:00:36] Against Qe8+} 50. Rf1 Rf8 51. Rc1 Rg8+ 52. Kf1 Bd5 53. Qf4 Rg2 54. b4 Rxa2 55. b5 (55. Qxh6 $2 f4 56. Qh8+ Kb7 $19) 55... Qe6 {[%emt 0:01:17] ( -> ...Qg6)} 56. Be5 $2 {[%emt 0:04:16][%mdl 8192] [#]} ({Much weaker is} 56. b6 Bc4+ 57. Ke1 axb6 58. Bxb6 Re2+ 59. Kf1 Rc2+ 60. Ke1 Rxc1+ $17) (56. Ke1 $11 {and White has nothing to worry.}) 56... Qg6 $2 (56... Be4 $1 $19 {Strongly threatening ...Qg8.} 57. Qxe4 fxe4 58. Rxc6+ {[#]} Qxc6 $3 59. bxc6 a5) 57. Qg3 $11 {[%emt 0:00:18] Dancing on a razor blade.} Qxg3 58. Bxg3 Kd7 {[%emt 0:01:54] White used his chance.  Weighted Error Value: White=0.27 (precise) /Black=0.32} 1/2-1/2

[Event "Czech Open-GM 2022"]
[Site "Pardubice"]
[Date "2022.07.28"]
[Round "7.22"]
[White "Swicarz, Maciej"]
[Black "Elmi, Saad Abobaker"]
[Result "1/2-1/2"]
[ECO "B53"]
[WhiteElo "2335"]
[BlackElo "2123"]
[Annotator "TA"]
[PlyCount "67"]
[EventDate "2022.07.22"]
[EventType "swiss"]
[EventCountry "CZE"]
[SourceTitle "playchess.com"]
[Source "ChessBase"]
[SourceQuality "1"]
[TimeControl "40/5400+30:1800+30"]

1. e4 c5 2. Nf3 d6 3. d4 cxd4 4. Qxd4 Nf6 5. h3 Nc6 6. Qe3 {[%emt 0:00:04] B53: Sicilian: 2...d6: Lines with Qxd4.} g6 7. Be2 Bg7 8. O-O O-O 9. Rd1 Nd7 10. Nc3 b6 11. Nd5 Bb7 12. Rb1 $1 Rc8 13. c4 $1 Nce5 14. b3 Nxf3+ 15. Bxf3 a6 {[%emt 0:08:27] [#]} 16. a4 $146 ({Predecessor:} 16. Bg4 e6 17. Nc3 Qc7 18. Ba3 Nc5 19. Bf3 Rfd8 20. Rbc1 Qb8 21. Rd2 Ba8 22. Ne2 {½-½ (48) Grabinsky,A (2421)-Kevlishvili,R (2491) Dulles 2022}) 16... Bc6 (16... e6 $5 17. Nf4 Qc7 $11) 17. Nb4 Bb7 18. Nd5 Bc6 19. Nb4 Bb7 $1 20. Bd2 Nc5 21. Nd5 e6 22. Nc3 Qc7 23. Rdc1 Bc6 24. Ne2 Qb7 25. b4 (25. Nc3 $11 {was preferrable.}) 25... Nxa4 $15 (25... Nxe4 $2 26. b5 Nxd2 27. Bxc6 $18) 26. Nd4 Bd7 27. Nb3 Qc7 28. Be2 $1 Qa7 29. Qd3 Rfd8 (29... Be5 $15) 30. Bg5 Re8 $1 31. Be3 (31. Qe3 $15) 31... Red8 32. Bg5 Re8 33. Be3 $1 Red8 ({Better is} 33... d5 $17 {White must now prevent ...dxc4.} 34. Qd2 (34. exd5 exd5 35. Nd4 dxc4 $17) (34. cxd5 Bb5 $17) 34... dxc4 35. Bxc4 Bb5 36. Bxb5 axb5) 34. Bg5 $1 {Weighted Error Value: White=0.11 (very precise) /Black=0.13 (very precise)} 1/2-1/2

[Event "Czech Open-GM 2022"]
[Site "Pardubice"]
[Date "2022.07.28"]
[Round "7.23"]
[White "Dubinski, Mateusz"]
[Black "Smith, Bryan"]
[Result "0-1"]
[ECO "E62"]
[WhiteElo "2206"]
[BlackElo "2421"]
[Annotator "TA"]
[PlyCount "66"]
[EventDate "2022.07.22"]
[EventType "swiss"]
[EventCountry "CZE"]
[SourceTitle "playchess.com"]
[Source "ChessBase"]
[SourceQuality "1"]
[TimeControl "40/5400+30:1800+30"]

1. d4 {[%emt 0:00:03] Primel,D} Nf6 2. Nf3 g6 3. g3 Bg7 4. Bg2 O-O 5. c4 d6 6. Nc3 Nc6 7. O-O e5 {[%emt 0:00:20] seems to push 7...a6 aside.} 8. h3 (8. d5 $14 Ne7 9. e4) 8... Bf5 {[%emt 0:19:19] E62: King's Indian: Fianchetto: 6...c6 and Panno Variation (6...Nc6) without ...a6.} 9. d5 Ne7 10. Ne1 {[%emt 0:05:41] [#]} Qc8 $146 {[%emt 0:08:30] The position is equal.} ({Predecessor:} 10... Bd7 11. e4 Nh5 12. Nd3 f5 13. c5 Nf6 14. Qb3 Kh8 15. f3 Nh5 16. Ne2 Bf6 {1-0 (33) Onkoud,A (2401)-Rousset,N (2106) Issy les Moulineaux 2007 EXT 2008 [Primel,D]}) 11. Kh2 e4 12. Nc2 h5 13. Bg5 Re8 14. Qd2 Nh7 15. Be3 Bd7 16. Bd4 Nf6 17. Qg5 {[%emt 0:05:29] [#]} (17. Bxf6 $16 Bxf6 18. Nxe4) 17... Nf5 $1 $15 18. Rad1 ({Much worse is} 18. Bxf6 Bh6 19. Nxe4 Bxg5 20. Bxg5 Kg7 $17) (18. Qd2 Nxd4) 18... Nxd4 19. Nxd4 Re5 20. Qc1 Qe8 21. f4 exf3 22. exf3 h4 {Threatens to win with ...hxg3+.} 23. g4 g5 24. Rde1 (24. f4 $14 gxf4 25. Qxf4) 24... c5 25. f4 gxf4 26. Nf3 Re3 27. Rxe3 (27. Nd1 $11 Re4 28. b3) 27... fxe3 28. Nxh4 $2 {[%emt 0:01:18] White does not recover from this.} (28. Re1 $1 $15) 28... Qe5+ $19 ({Avoid the trap} 28... e2 $2 29. Rg1 Qe5+ 30. Kh1 $19) 29. Kh1 e2 30. Re1 Bxg4 ({Not} 30... Qg3 31. Nf3 $14) 31. Nf3 (31. Nxe2 $142 Qh5 32. Nf5 Qxf5 33. Ng3) 31... Bxf3 32. Bxf3 Qg3 $1 33. Bg2 {[%emt 0:01:00] [#]} Ng4 $1 {[%emt 0:00:36][%mdl 512] Weighted Error Value: White=0.76/Black=0.10 (very precise)} 0-1

[Event "Czech Open-GM 2022"]
[Site "Pardubice"]
[Date "2022.07.28"]
[Round "7.24"]
[White "Smolik, Jachym"]
[Black "Plat, Vojtech"]
[Result "0-1"]
[ECO "B06"]
[WhiteElo "2291"]
[BlackElo "2554"]
[Annotator "TA"]
[PlyCount "102"]
[EventDate "2022.07.22"]
[EventType "swiss"]
[EventCountry "CZE"]
[SourceTitle "playchess.com"]
[Source "ChessBase"]
[SourceQuality "1"]
[TimeControl "40/5400+30:1800+30"]

1. d4 g6 2. e4 Bg7 3. Be3 c5 4. Nc3 cxd4 5. Bxd4 Nf6 6. e5 {[%emt 0:15:14] B06: Modern Defence.} Nh5 7. Nge2 f6 {[%emt 0:01:31] [#]} (7... f5 $1 $14) 8. f4 $146 (8. Ng3 $1 $18 Nf4 9. exf6 exf6 10. Bc5) ({Predecessor:} 8. Ng3 Nxg3 9. exf6 Nxh1 10. fxg7 Rg8 11. Bc4 e6 12. Ne4 d5 13. Nf6+ Kf7 14. Qf3 Rxg7 15. Nxh7+ {1-0 (28) Dionisi,T (2406)-Ghanbari,R (2222) Chess.com INT 2018}) 8... fxe5 $1 $11 9. fxe5 O-O 10. Qd2 e6 11. O-O-O Nc6 12. Bc5 {[%emt 0:03:57] [#]} (12. Qe3 $11) 12... Nxe5 $1 $15 {[%emt 0:00:07] And now ...Nc4 would win.} 13. Bxf8 Qxf8 14. Qd6 Ng4 15. Ne4 Qxd6 16. Rxd6 Bf8 17. Rd4 d5 {[%emt 0:00:55][%mdl 1024] Black has compensation.} 18. h3 $1 Ne3 {[%emt 0:00:06] ...e5 is the strong threat.} 19. Nd2 e5 20. Rd3 Bh6 {[%emt 0:00:32] Threatens to win with ...Bf5.} 21. g4 {[%emt 0:01:02] Inhibits Bf5.} Nf6 22. Kb1 {[%emt 0:04:39] [#]} (22. Rg1 $1 $11 {remains equal.} Nxf1 23. Rxf1) 22... e4 {[%emt 0:07:45] Black is more active.} (22... b6 $1 $17 23. Rg1 e4) 23. Rd4 Be6 24. Nc3 (24. Rb4 $11) 24... Bg7 (24... Rc8 $15) 25. Nb3 (25. Rb4 $5 ) 25... h5 26. Be2 hxg4 27. hxg4 Nfxg4 28. Rb4 b6 $1 29. Nb5 ({White should play} 29. Nd4 $15 Bd7 30. Bb5) 29... Bd7 $17 {[%emt 0:06:15] Hoping for ...a5. This bishop pair is nice.} 30. N3d4 ({Better is} 30. Bxg4 Bxg4 31. N3d4) 30... Be5 31. c3 (31. a4 $17) 31... a6 (31... Nf2 $19 32. Rg1 Kg7) 32. Na3 b5 33. Nac2 Bd6 34. Bxg4 Nxg4 35. Rb3 Ne5 36. Nb4 Nc4 37. Rd1 {[%emt 0:00:49] Prevents Nd2+.} (37. Nxd5 $17 {might work better.} Rf8 38. Kc1) 37... Bxb4 ({Worse is} 37... Bg4 38. Rg1 Nd2+ 39. Kc2 Nxb3 40. Kxb3 Bxb4 41. Rxg4 $17) ({Black should try} 37... Kg7 $19 {White must now prevent ...e3.} 38. Nxd5 e3) 38. Rxb4 Rf8 {[%emt 0:00:03] aiming for ...Rf2.} 39. a4 a5 40. Rb3 {[%emt 0:00:18][%mdl 8192] [#] White does not recover from this.} (40. Rxb5 $17 Bxb5 41. axb5) 40... b4 $1 $19 41. Nb5 e3 {[%emt 0:00:00][%cal Be4e3,Be3e2][%mdl 32] ( -> ...e2)} 42. Ka2 e2 43. Re1 Bg4 44. Nd4 Rf1 45. Nc2 {[%emt 0:00:06] [#]} (45. Rxe2 $142 Bxe2 46. Nxe2) 45... Ne3 $1 {[%emt 0:02:00][%mdl 512] Black is clearly winning.} 46. Rxe2 Bxe2 47. Nxe3 {[%emt 0:00:10] KRB-KRN} Rf3 48. cxb4 axb4 49. a5 d4 50. Nc2 Bc4 51. Nxd4 Rd3 {Weighted Error Value: White=0.59/Black=0.19 (very precise)} 0-1